 Dungeon Crawl Stone Soup version 0.31-a0-1178-gc5c9b8f871 (webtiles) character file.

Game seed: 8542296360324849439

52 qw the Shooter (level 3, 0/23 HPs)
             Began as a Gargoyle Hunter on Dec 11, 2023.
             Slain by a gnoll
             ... wielding a +0 flail
              (9 damage)
             ... on level 2 of the Dungeon.
             The game lasted 00:00:22 (971 turns).

qw the Shooter (Gargoyle Hunter)                     Turns: 971, Time: 00:00:23

Health: 0/23       AC:  6    Str: 14    XL:     3   Next: 85%
Magic:  3/3        EV: 11    Int:  9    God:
Gold:   53         SH:  0    Dex: 15    Spells: 2/2 levels left

rFire   . . .        a - +1 shortbow
rCold   . . .        (shield currently unavailable)
rNeg    + . .        c - +0 leather armour
rPois   inf          (no helmet)
rElec   +            (no cloak)
rCorr   .            (no gloves)
SInv    .            (no boots)
Will    .....        (no amulet)
Stlth   ++           (no ring)
HPRegen 0.23/turn    (no ring)
MPRegen 0.08/turn

%: no passive effects
@: no status effects
A: sickness immunity, AC +3, negative energy resistance 1, electricity
resistance, torment resistance 1, petrification resistance
a: no special abilities


You were on level 2 of the Dungeon.
You visited 1 branch of the dungeon, and saw 2 of its levels.

You collected 53 gold pieces.


Innate Abilities, Weirdness & Mutations

You are immune to sickness and miasma.
Your stone body is resilient. (AC +3)
You are immune to poison.
You resist negative energy. (rN+)
You are resistant to electric shocks. (rElec)
You are resistant to unholy torment.
You are immune to petrification.


   Skills:
 - Level 3.1 Fighting
 + Level 5.0 Ranged Weapons
 - Level 1.5 Dodging
 - Level 1.1 Stealth


You had 2 spell levels left.
You didn't know any spells.
Your spell library was empty.

Inventory:

Hand Weapons
 a - a +1 shortbow (weapon)
Armour
 c - a +0 leather armour (worn)
Jewellery
 b - an amulet of regeneration
 f - a ring of resist corrosion
Scrolls
 d - a scroll of identify
 g - a scroll of teleportation
Potions
 e - a potion of resistance {unknown}
 h - a potion of heal wounds
 j - a potion of curing {unknown}

Dungeon Overview and Level Annotations

Branches:
Dungeon (2/15)

Altars:


Message History

A rat comes into view.
Found a scroll of immolation.
You shoot an arrow.
The arrow hits the rat but does no damage.
The rat squeaks loudly.
You shoot an arrow. The arrow hits the rat.
You kill the rat!
A kobold comes into view. It is wielding a +0 club.
You shoot an arrow. The arrow hits the kobold.
You kill the kobold!
Found an escape hatch in the floor.
Found a faded altar of an unknown god.
You see here a +0 club.
f - a ring of resist corrosion
g - a scroll of teleportation A ball python comes into view.
You shoot an arrow. The arrow hits the ball python!
You kill the ball python! 2 gnolls come into view.
A gnoll is wielding a +0 flail and quivering a throwing net.
The gnoll shouts! x2; You hear a shout!
You shoot an arrow. The arrow completely misses the gnoll.
You shoot an arrow. The arrow hits the gnoll!
The gnoll is severely wounded.
The gnoll hits you with a +0 flail!
A gnoll comes into view. It is wielding a +0 spear.
Enter note: You shoot an arrow.
The arrow barely misses the gnoll.
The gnoll shouts!
The gnoll hits you with a +0 flail.
You shoot an arrow. The arrow hits the gnoll.
You kill the gnoll!
Your Fighting skill increases to level 3!
You shoot an arrow. The arrow hits the gnoll.
The gnoll is lightly wounded.
The gnoll barely misses you.
You shoot an arrow. The arrow hits the gnoll.
The gnoll is moderately wounded.
The gnoll closely misses you. The gnoll hits you with a +0 flail!
You die...

#.# #.....#
###.# #.....#
#...# #######
#.#.# #...# ##
##.## .. ##.##
.#
#...########g#
#.#.......@g.#
#...########.#
##### .# .. ##


You could see 2 gnolls.

Vanquished Creatures
  A gnoll (D:2)
  5 bats
  6 endoplasms
  2 giant cockroaches (D:1)
  2 goblins (D:1)
  9 hobgoblins
  3 kobolds
  4 ball pythons
  A frilled lizard (D:1)
  3 rats
36 creatures vanquished.

Notes
Turn   | Place    | Note
-------+----------+-------------------------------------------
     0 | D:1      | qw the Gargoyle Hunter began the quest for the Orb.
     0 | D:1      | Reached XP level 1. HP: 12/12 MP: 1/1
     0 | D:1      | 0 ||| qw: Version: 0.3-a-106-g2cfff9e
     0 | D:1      | 0 ||| qw: Game counter: 1992
     0 | D:1      | 0 ||| qw: Melee chars always use a shield: true
     0 | D:1      | 0 ||| qw: God list: Okawaru
     0 | D:1      | 0 ||| qw: Allow faded altars: false
     0 | D:1      | 0 ||| qw: Do Orc after clearing Dungeon:15 true
     0 | D:1      | 0 ||| qw: Do second Lair branch before Depths: true
     0 | D:1      | 0 ||| qw: Lair rune preference: random
     0 | D:1      | 0 ||| qw: Goals: Normal, Save, Zot:1-4, Win
     0 | D:1      | 0 ||| PLANNING D:1-11
    36 | D:1      | Reached XP level 2. HP: 7/17 MP: 2/2
   507 | D:1      | Reached XP level 3. HP: 21/21 MP: 3/3
   608 | D:1      | Reached skill level 5 in Ranged Weapons
   745 | D:1      | 745 ||| READING 2 scrolls labelled GEIQIDD MIODD.
   746 | D:1      | 746 ||| READING 2 scrolls labelled QUFAM AQADUS TEAMN.
   747 | D:1      | 747 ||| READING scroll labelled MAYJIN DESIGYIRR.
   747 | D:1      | 747 ||| IDENTIFYING sapphire potion
   748 | D:1      | 748 ||| READING scroll labelled XYAPTE QAME.
   749 | D:1      | 749 ||| READING scroll labelled BILISAY WUOTY.
   749 | D:1      | 749 ||| ENCHANTING +0 shortbow.
   750 | D:1      | 750 ||| READING scroll labelled ROHEUS HUUR.
   755 | D:1      | 755 ||| DROPPING scroll of butterflies.
   756 | D:1      | 756 ||| DROPPING scroll of noise.
   757 | D:1      | 757 ||| DROPPING scroll of poison.
   921 | D:2      | Found a faded altar of an unknown god.
   970 | D:2      | Reached skill level 3 in Fighting
   971 | D:2      | Slain by a gnoll

Levels and vault maps discovered:
D:1:      minmay_arrival_shattered_statue, layout_basic,
          chequers_serial_rivers_small_3, minmay_close_crescents
D:2:      layout_loops_cross, dreamdust_ecumenical_altar_statues,
          minmay_increasing_density

Skill      XL: |  1  2  3 |
---------------+----------+-----
Ranged Weapons | 5 |  5.0
Fighting       | 3 |  3.1
Dodging        | |  1.5
Stealth        | |  1.1

Action                     || total
---------------------------++-------
   Fire: Shortbow          ||    75
    Use: Scroll            ||     6
 Armour: Leather armour    ||    18
  Dodge: Dodged            ||    21

Table legend:
 A = Non-vault XP
 B = Vault XP
 C = Vault XP percentage of total XP
 D = Non-vault monster count
 E = Vault monster count
 F = Vault count percentage of total count
                 A         B        C        D         E       F
            +---------+---------+-------+---------+---------+-------
      Total |      67 |       8 |  10.7 |      31 |       5 |  13.9
            +---------+---------+-------+---------+---------+-------
        D:1 |      35 |       8 |  18.6 |      20 |       5 |  20.0
        D:2 |      32 |       0 |   0.0 |      11 |       0 |   0.0
            +---------+---------+-------+---------+---------+-------
